 Dungeon Crawl Stone Soup version 0.23-a0-78-gc252fe1 (webtiles) character file.

326 galech the Chopper (level 6, -7/48 HPs)
             Began as a Demonspawn Fighter on Aug 10, 2018.
             Mangled by an orc warrior
             ... wielding a +0 long sword
              (12 damage)
             ... on level 5 of the Dungeon.
             The game lasted 00:07:12 (3672 turns).

galech the Chopper (Demonspawn Fighter)             Turns: 3672, Time: 00:07:12

Health: -7/48      AC: 14    Str: 16    XL:     6   Next: 24%
Magic:  0/6        EV:  4    Int: 10    God:
Gold:   216        SH:  0    Dex: 14    Spells: 5/5 levels left

rFire    + . .     SeeInvis .   a - +0 war axe
rCold    x . .     Gourm    .   c - +0 shield
rNeg     . . .     Faith    .   t - +0 chain mail
rPois    .         Spirit   +   q - +0 helmet
rElec    .         Reflect  .   j - +0 cloak
rCorr    .         Harm     .   i - +0 pair of gloves
MR       .....                  (no boots)
Stlth    ..........             (no amulet)
HPRegen  0.16/turn              v - ring of fire
MPRegen  0.10/turn              (no ring)

@: confused
A: iridescent scales 1, magic shield, rot immunity
a: no special abilities


You were on level 5 of the Dungeon.
You were not hungry.

You visited 1 branch of the dungeon, and saw 5 of its levels.

You collected 216 gold pieces.

Inventory:

Hand Weapons
 a - a +0 war axe (weapon)
Armour
 c - a +0 shield (worn)
 i - a +0 pair of gloves (worn)
 j - a +0 cloak (worn)
 q - a +0 helmet (worn)
 t - a +0 chain mail (worn)
Jewellery
 v - a ring of fire (left hand)
Scrolls
 b - a scroll of enchant armour {unknown}
 e - 3 scrolls of random uselessness
 h - 4 scrolls of blinking
 n - a scroll of teleportation
 o - a scroll of magic mapping
 p - 6 scrolls of remove curse
 r - 3 scrolls of fog
Potions
 d - a potion of might
 g - a potion of lignification {unknown}
 k - 2 potions of flight {unknown}
 l - 5 potions of curing {unknown}
 m - 2 potions of haste {unknown}
Comestibles
 f - 8 rations
 s - 3 chunks of flesh


   Skills:
 + Level 4.0 Fighting
 + Level 4.4 Axes
 + Level 3.4 Armour
 + Level 1.0 Dodging
 + Level 3.3 Shields


You had 5 spell levels left.
You didn't know any spells.
Your spell library was empty.

Dungeon Overview and Level Annotations

Branches:
Dungeon (5/15)
 Temple: D:4-7

Altars:
Dithmenos


Innate Abilities, Weirdness & Mutations

You are partially covered in iridescent scales. (AC +2)
When hurt, damage is shared between your health and your magic reserves.
You are immune to rotting.


Message History

You are too confused!
You are too confused!
You are too confused!
You are too confused!
You are too confused!
You are too confused!
You are too confused!
You are too confused!
You bump into the rock wall.
The orc warrior hits you with a long sword!
Something hits you. The orc warrior barely misses you.
A magic dart appears from out of thin air!
The magic dart hits you!
* * * LOW HITPOINT WARNING * * *
The orc warrior hits you with a long sword!
* * * LOW HITPOINT WARNING * * *
You can't go up here!
The orc warrior hits you with a long sword!
You die...

**,*,*,*,* *,,,*,* *,*
,,,,,,,*,*****,,,* *,*
*,,,,***,,,,,,,,,* *,*** *,,,,*
*****##+##* *,>,* ***,,* ##...##
*,,,* **,,,* ##.....## ***,,,*
,,,,,** ##.......## **,**,**
**,,,,***#....<.o..####.,,*,*****
,,,,,,,,,+......@oo'5.....,,,,,,,
,,,,,,,,*#.......>.####...,,,****
,,,,,,,,*##.......## **,,,,,*_*
**,,,,*** ##.....##******,,,,*+*
*,,,** ##...##,,,,,,,,,,,,,*
*,,,* ##+##*,*******,,**** ***,*
*,* *,* *,,*
*,*********,***,***** *,,*
*,**,,,,,,,,,,,,,,,,* *,,*


You could see an orc warrior, a shadow imp and 2 orcs.

Vanquished Creatures
  A howler monkey (D:4)
  An orc priest (D:3)
  2 orc wizards (D:4)
  A worker ant (D:4)
  4 adders
  2 oozes
  2 worms
  An adder skeleton (D:4)
  4 dart slugs
  4 leopard geckos
  14 orcs
  2 ball pythons
  5 giant cockroaches
  12 goblins
  8 hobgoblins
  4 jackals (D:3)
  2 quokkas
  8 bats
  7 frilled lizards
  11 kobolds
  8 rats
103 creatures vanquished.

Vanquished Creatures (others)
  An orc wizard (D:4)
1 creature vanquished.

Grand Total: 104 creatures vanquished

Notes
Turn   | Place    | Note
-------+----------+-------------------------------------------
     0 | D:1      | galech the Demonspawn Fighter began the quest for the Orb.
     0 | D:1      | Reached XP level 1. HP: 18/18 MP: 1/1
   113 | D:1      | Gained mutation: When hurt, damage is shared between your health and your magic reserves. [demonic ancestry]
   113 | D:1      | Reached XP level 2. HP: 15/24 MP: 2/2
   526 | D:1      | Reached XP level 3. HP: 29/29 MP: 3/3
  1449 | D:3      | Reached XP level 4. HP: 35/35 MP: 4/4
  1585 | D:3      | Reached skill level 1 in Dodging
  1880 | D:3      | Gained mutation: You are immune to rotting. [demonic ancestry]
  1880 | D:3      | Reached XP level 5. HP: 42/42 MP: 5/5
  2752 | D:4      | Gained mutation: You are partially covered in iridescent scales. (AC +2) [demonic ancestry]
  2752 | D:4      | Reached XP level 6. HP: 46/48 MP: 6/6
  2862 | D:4      | Found a shadowy altar of Dithmenos.
  3647 | D:5      | Entered Level 5 of the Dungeon
  3653 | D:5      | Noticed an orc warrior
  3672 | D:5      | Mangled by an orc warrior

Vault maps used:
D:1:      lemuel_arrival_broad_hall, hangedman_decor_riveting
D:3:      first_ration, feat_on_display
D:4:      old_standard_altar
D:5:      kennysheep_mini, nicolae_overflow_hidden_temple, marbit_many_paths,
          lemuel_crystal_altar, nicolae_ru_awakened_eye,
          cheibrodos_sewer_entry_drain, uniq_grinder

Skill      XL: |  1  2  3  4  5  6 |
---------------+-------------------+-----
Axes           | 2 3 4 |  4.4
Armour         | 3 |  3.4
Shields        | 3 |  3.3
Dodging        | 1 |  1.0
Fighting       | 4 |  4.0

Action                   |  1- 3 |  4- 6 || total
-------------------------+-------+-------++-------
Melee: War axe           |   146 |   240 ||   386
  Use: Scroll            |       |     8 ||     8
  Eat: Chunk             |     2 |     8 ||    10
Armor: Scale mail        |    70 |     1 ||    71
       Chain mail        |       |   163 ||   163
Dodge: Dodged            |    46 |    53 ||    99
Block: Shield            |    59 |   127 ||   186

Table legend:
 A = Non-vault XP
 B = Vault XP
 C = Vault XP percentage of total XP
 D = Non-vault monster count
 E = Vault monster count
 F = Vault count percentage of total count
 G = Total turns spent on level
                 A         B        C        D         E       F
            +---------+---------+-------+---------+---------+-------
      Total |     466 |       0 |   0.0 |     103 |       0 |   0.0
            +---------+---------+-------+---------+---------+-------
        D:1 |      42 |       0 |   0.0 |      24 |       0 |   0.0
        D:2 |      52 |       0 |   0.0 |      20 |       0 |   0.0
        D:3 |     145 |       0 |   0.0 |      38 |       0 |   0.0
        D:4 |     227 |       0 |   0.0 |      21 |       0 |   0.0
            +---------+---------+-------+---------+---------+-------
